 Dungeon Crawl Stone Soup version 0.28-a0-206-gc2c9e32840 (webtiles) character file.

Game seed: 15926595282863011798

146 bande the Skirmisher (level 5, -1/33 HPs)
             Began as a Gargoyle Fighter on Aug 20, 2021.
             Slain by an orc (4 damage)
             ... on level 3 of the Dungeon.
             The game lasted 00:02:51 (2240 turns).

bande the Skirmisher (Gargoyle Fighter)             Turns: 2240, Time: 00:02:52

Health: -1/33      AC: 13    Str: 20    XL:     5   Next: 28%
Magic:  5/5        EV:  5    Int:  8    God:
Gold:   139        SH:  0    Dex: 10    Spells: 4/4 levels left

rFire   . . .      SeeInvis .   a - +0 war axe
rCold   . . .      Faith    .   c - +0 kite shield
rNeg    + + .      Spirit   .   g - +0 chain mail
rPois   ∞          Reflect  .   (no helmet)
rElec   +          Harm     .   (no cloak)
rCorr   .          Rampage  .   (no gloves)
Will    .....                   (no boots)
Stlth   ..........              (no amulet)
HPRegen 0.11/turn               i - ring of positive energy
MPRegen 0.09/turn               (no ring)

@: confused
A: sickness immunity, AC +4, negative energy resistance 1, electricity
resistance, torment resistance 1, petrification resistance
a: no special abilities


You were on level 3 of the Dungeon.
You visited 1 branch of the dungeon, and saw 3 of its levels.

You collected 139 gold pieces.

Inventory:

Hand Weapons
 a - a +0 war axe (weapon)
Missiles
 h - 2 throwing nets (quivered)
Armour
 c - a +0 kite shield (worn)
 g - a +0 chain mail (worn)
Jewellery
 b - a ring of protection from cold
 i - a ring of positive energy (left hand)
Potions
 d - a potion of might
 e - a potion of curing
 f - a potion of brilliance


   Skills:
 + Level 4.2 Fighting
 + Level 3.0 Axes
 + Level 4.0 Armour
 + Level 0.5 Dodging
 + Level 4.2 Shields


You had 4 spell levels left.
You didn't know any spells.
Your spell library was empty.

Dungeon Overview and Level Annotations

Branches:
Dungeon (3/15)

Altars:


Innate Abilities, Weirdness & Mutations

You are immune to sickness and miasma.
Your stone body is resilient. (AC +4)
You are immune to poison.
You resist negative energy. (rN+)
You are resistant to electric shocks. (rElec)
You are resistant to unholy torment.
You are immune to petrification.


Message History

You hear some strange, mumbled words.
You are more confused.
The orc hits you with a +0 morningstar! Something hits you but does no damage.
The orc wizard hits you but does no damage.
You hit the orc wizard.
The orc wizard is lightly wounded.
You completely miss something. You hit the orc.
The orc hits you with a +0 morningstar.
The orc wizard splashes around in the water.
Something hits you but does no damage. The orc closely misses you.
Unknown command.
You bump into the tree.
The orc wizard hits you but does no damage.
Something hits you but does no damage. The orc hits you with a +0 morningstar.
Your shield and chain mail prevent you from hitting the orc.
The orc is moderately wounded.
You barely miss the orc wizard. You closely miss something.
The orc wizard hits you with a +0 dagger.
* * * LOW HITPOINT WARNING * * *
Something hits you.
* * * LOW HITPOINT WARNING * * *
The orc hits you with a +0 morningstar.
* * * LOW HITPOINT WARNING * * *
The orc wizard barely misses you. Something completely misses you.
The orc hits you but does no damage.
You closely miss the orc wizard.
The orc wizard is lightly wounded.
You miss something. You closely miss the orc.
The orc wizard hits you but does no damage.
You hear some strange, mumbled words.
Something tries to affect you, but you resist.
The orc hits you but does no damage.
You slash the orc wizard!
The orc wizard is severely wounded.
You hit the orc but do no damage. You miss something.
You feel less confused. The orc wizard casts a spell at you.
You are confused.
Something hits you but does no damage. The orc hits you with a +0 morningstar.
You die...

#...........#
###########.# #+
#.......# ♣♣♣?♣♣♣
#.......# ♣..#..♣
#.......# ..
♣.≈.≈.♣####.......#
..'.#.≈.#.'.##.......#
♣.≈.o{♣#..........#
♣..#o@♣####.......#
♣♣♣o♣♣♣####.......####
#' #..'........... #.
####......##### #.
#............ ##
#........#.##
#........#...
#........####
#.#####..#


You could see an orc wizard and 2 orcs.

Vanquished Creatures
  A phantom (D:2)
  3 adders
  3 dart slugs (D:1)
  2 orcs (D:3)
  3 endoplasms
  A giant cockroach (D:1)
  2 hobgoblins
  A quokka (D:1)
  8 ball pythons
  4 bats
  3 frilled lizards
  3 goblins
  4 kobolds
  4 rats
42 creatures vanquished.

Notes
Turn   | Place    | Note
-------+----------+-------------------------------------------
     0 | D:1      | bande the Gargoyle Fighter began the quest for the Orb.
     0 | D:1      | Reached XP level 1. HP: 14/14 MP: 1/1
   207 | D:1      | Reached XP level 2. HP: 15/19 MP: 2/2
   674 | D:1      | Reached XP level 3. HP: 22/23 MP: 3/3
   679 | D:1      | Found a faded altar of an unknown god.
  1723 | D:2      | Noticed a phantom
  1738 | D:2      | Killed a phantom
  1739 | D:2      | Reached XP level 4. HP: 29/29 MP: 4/4
  1739 | D:2      | Reached XP level 5. HP: 33/33 MP: 5/5
  2240 | D:3      | Slain by an orc

Illustrated notes

Levels and vault maps discovered:
D:1:      minmay_arrival_jagged, layout_basic, shapermc_ecumenical_altar_pompeii
D:2:      layout_basic
D:3:      layout_basic, bloody_makhleb, serial_shops, shop,
          kennysheep_generic_room_10, uniq_grinder

Skill      XL: |  1  2  3  4  5 |
---------------+----------------+-----
Axes           | 2 3 |  3.0
Fighting       | 4 |  4.2
Shields        | 4 |  4.2
Armour         | 4 |  4.0
Dodging        | |  0.5

Action                   |  1- 3 |  4- 6 || total
-------------------------+-------+-------++-------
Melee: War axe           |   105 |    25 ||   130
  Use: Scroll            |     3 |       ||     3
Armor: Scale mail        |    33 |       ||    33
       Chain mail        |    34 |    28 ||    62
Dodge: Dodged            |    27 |     6 ||    33
Block: Kite shield       |    49 |     8 ||    57

Table legend: (Time is in decaauts)
 A = Elapsed time spent in this place.
 B = Non-inter-level travel time spent in this place.
 C = Inter-level travel time spent in this place.
 D = Time resting spent in this place.
 E = Time spent auto-exploring this place.
 F = Levels seen in this place.
 G = Mean time per level.
                   A        B        C        D        E       F      G
               +--------+--------+--------+--------+--------+-----+--------+
         Total |   2319 |   2275 |     44 |    146 |   1740 |   3 |  773.0 |
       Dungeon |   2319 |   2275 |     44 |    146 |   1740 |   3 |  773.0 |
               +--------+--------+--------+--------+--------+-----+--------+

Top non-repeatable levels by time:
     D:2: 1063 daAuts
     D:1: 1030 daAuts
     D:3: 224 daAuts
